 Dungeon Crawl Stone Soup version 0.29.1-12-g30fa7ad0bf (webtiles) character file.

Game seed: 7751161054221585228

575494 ssalbiz the Impregnable (level 25, -8/249 HPs)
             Began as a Minotaur Berserker on Jan 14, 2023.
             Was the Champion of Trog.
             Mangled by a storm dragon (15 damage)
             ... on level 2 of the Realm of Zot on Jan 15, 2023.
             The game lasted 02:28:49 (80604 turns).

ssalbiz the Impregnable (Minotaur Berserker)       Turns: 80604, Time: 02:28:49

Health: -8/249     AC: 38    Str: 36    XL:     25   Next: 77%
Magic:  7/7        EV: 18    Int:  4    God:    Trog [******]
Gold:   3171       SH: 16    Dex: 15    Spells: 24/24 levels left

rFire   + + +      SeeInvis +   I - +9 broad axe (antimagic)
rCold   + + .      Faith    +   Q - +1 kite shield {AC+3}
rNeg    + + .      Spirit   .   A - +9 gold dragon scales
rPois   +          Reflect  .   l - +0 mask of the Dragon {Will+ Slay+3 SInv}
rElec   +          Harm     .   V - scarf {rC+ rF+}
rCorr   .          Rampage  .   g - +0 pair of gloves "Bymees" {rN+ Str+4 Stlth+}
Will    +++++                   z - +0 pair of boots
Stlth   ..........              y - amulet "Onlawy Keat" {Faith Contam rElec Will+}
HPRegen 1.51/turn               C - ring of Law {rN+ SInv}
MPRegen 0.10/turn               t - ring "Xeysud" {rPois rF+ Dex+3}

@: strong-willed, corroded, regenerating, slowed, studying Armour, very slow
A: horns 2, retaliatory headbutt
}: 3/15 runes: barnacled, silver, gossamer
a: Renounce Religion, Berserk, Trog's Hand, Brothers in Arms


You were on level 2 of the Realm of Zot.
You worshipped Trog.
Trog was exalted by your worship.
You visited 10 branches of the dungeon, and saw 45 of its levels.
You also visited: Trove, Sewer and Bailey.

You collected 7177 gold pieces.
You spent 4006 gold pieces at shops.

Inventory:

Hand Weapons
 d - a +3 broad axe of freezing
 w - a +3 broad axe of flaming
 I - a +9 antimagic broad axe (weapon)
Missiles
 n - 5 curare-tipped darts (quivered)
 H - 2 throwing nets
Armour
 g - the +0 pair of gloves "Bymees" (worn) {rN+ Str+4 Stlth+}
   (You found it in a treasure trove)

   Str:       It affects your strength (+4).
   rN:        It protects you from negative energy.
   Stlth:     It makes you more stealthy.
 l - the +0 mask of the Dragon (worn) {Will+ Slay+3 SInv}
   (You bought it in a shop on level 5 of the Vaults)

   Slay:      It affects your accuracy & damage with ranged weapons and melee
   (+3).
   SInv:      It lets you see invisible.
   Will:      It increases your willpower.
 z - a +0 pair of boots (worn)
 A - +9 gold dragon scales (worn)
 Q - a +1 kite shield of protection (worn)
 V - a scarf of resistance (worn)
Jewellery
 t - the ring "Xeysud" (right hand) {rPois rF+ Dex+3}
   (You found it in a treasure trove)

   [ring of protection from fire]

   Dex:       It affects your dexterity (+3).
   rF:        It protects you from fire.
   rPois:     It protects you from poison.
 y - the amulet "Onlawy Keat" (around neck) {Faith Contam rElec Will+}
   (You acquired it on level 14 of the Dungeon)

   [amulet of faith]

   It allows you to gain divine favour quickly.
   rElec:     It insulates you from electricity.
   Contam:    It causes magical contamination when unequipped.
   Will:      It increases your willpower.
 C - the ring of Law (left hand) {rN+ SInv}
   (You found it on level 5 of the Dungeon)

   [ring of see invisible]

   rN:        It protects you from negative energy.
   SInv:      It lets you see invisible.
Wands
 b - a wand of mindburst (40)
 r - a wand of paralysis (36)
 v - a wand of digging (6)
 E - a wand of roots (52)
 F - a wand of flame (60)
 N - a wand of light (4)
 U - a wand of polymorph (6)
Scrolls
 a - 3 scrolls of summoning
 c - 7 scrolls of teleportation
 h - 2 scrolls of silence
 j - 33 scrolls of identify
 k - 12 scrolls of fog
 s - 9 scrolls of magic mapping
 K - 10 scrolls of blinking
 S - 4 scrolls of fear
Potions
 e - 5 potions of heal wounds
 f - 12 potions of ambrosia
 i - 7 potions of cancellation
 m - 6 potions of might
 o - 14 potions of haste
 p - a potion of invisibility
 u - 16 potions of curing
 B - 4 potions of resistance
 O - 5 potions of flight
 Z - 2 potions of magic
Miscellaneous
 q - a lightning rod (4/4)
 L - a lightning rod (4/4)


   Skills:
 * Level 25.1 Fighting
 + Level 21.9 Axes
 - Level 5.0 Throwing
 * Level 25.4 Armour
 * Level 23.3 Dodging
 + Level 19.2 Shields
 + Level 11.8 Evocations


You had 24 spell levels left.
You didn't know any spells.
Your spell library was empty.

Dungeon Overview and Level Annotations

Branches:
Dungeon (15/15)            Temple (1/1) D:7            Lair (5/5) D:8
 Shoals (4/4) Lair:2       Spider (4/4) Lair:3        Slime (0/5) Lair:5
    Orc (2/2) D:11            Elf (3/3) Orc:2        Vaults (5/5) D:14
  Crypt (0/3) Vaults:2     Depths (4/4) D:15            Zot (2/5) Depths:4
  Sewer (visited)          Bailey (visited)

Altars:
Ashenzari
Cheibriados
Dithmenos
Elyvilon
Fedhas
Gozag
Hepliaklqana
Kikubaaqudgha
Makhleb
Nemelex Xobeh
Okawaru
Qazlal
Ru
Sif Muna
Trog
Uskayaw
Vehumet
Wu Jian
Xom
Yredelemnul
Zin
The Shining One

Shops:
D:4 ?   D:6 *   Orc:2 =*([?   Elf:2 *   Shoals:3 !   Vaults:3 !   Vaults:4 *
Vaults:5 ?!![   Depths:1 :   Depths:3 [:(

Portals:
Hell: Depths:1 Depths:2 Depths:3 Depths:4
Abyss: Depths:3
Pandemonium: Depths:2 Depths:4
Ziggurat: Depths:4

Annotations:
D:15 1 transporter
Lair:4 1 runed translucent door, Rangus's ghost, adept GnWn
Depths:3 1 runed translucent door, Parghit


Innate Abilities, Weirdness & Mutations

You have a pair of horns on your head.
You reflexively headbutt those who attack you in melee.


Message History

The storm dragon claws you but does no damage.
You block the storm dragon's attack.
The green draconian hits you with a +0 short sword.
* * * LOW HITPOINT WARNING * * *
The green draconian tail-slaps you but does no damage.
Your deep troll completely misses the yellow draconian.
Your deep troll claws the yellow draconian!! x2
The yellow draconian hits your deep troll with a +0 flail.
Unknown command.
Unknown command.
The green draconian attacks as you move away!
The green draconian misses you. You block the green draconian's attack.
The yellow draconian hits your deep troll with a +0 flail.
Your deep troll bites the yellow draconian!!
The yellow draconian dies!
Trog accepts your kill.
The green draconian hits your deep troll with a +0 short sword!!
The green draconian tail-slaps your deep troll!!
The storm dragon bites you!
* * * LOW HITPOINT WARNING * * *
The storm dragon claws you but does no damage.
You block the storm dragon's attack.
Your deep troll barely misses the green draconian. x2
Your deep troll claws the green draconian!!
The green draconian hits your deep troll with a +0 short sword!!
The green draconian tail-slaps your deep troll!
Your deep troll dies!
Your deep troll's corpse disappears in a puff of smoke!
The storm dragon bites you!
* * * LOW HITPOINT WARNING * * *
You block the storm dragon's attack. The storm dragon barely misses you.
Unknown command.
Unknown command.
Unknown command.
You feel much better. The storm dragon bites you!!
* * * LOW HITPOINT WARNING * * *
The storm dragon misses you. The storm dragon completely misses you.
You block the storm dragon's attack. x2; The storm dragon closely misses you.
You block the green draconian's attack. x2; The storm dragon bites you!
You die...

......#...#
..$.......#
..........###
............#
........<...##
......)))....#
..........†..#
......#..)D..#
......#..yd@.#
....y #...####
.... #...#
.... #...# .
#...# #...#
#.... #....#
#....#


You could see a storm dragon (berserk), a green draconian (berserk) and a moth
of wrath.

Vanquished Creatures
  A dread lich (Vaults:4)
  3 ancient liches
  Margery (Depths:2)
  Saint Roka (Vaults:2)
  A caustic shrike (Depths:2)
  2 golden dragons
  Jorgrun (Spider:2)
  Mlioglotl (Shoals:2)
  7 tentacled monstrosities
  A walking earthen tome (Depths:2)
  3 deep elf blademasters
  4 liches
  2 titans
  2 walking frostbound tomes
  2 deep elf master archers (Elf:3)
  2 quicksilver dragons
  5 death cobs
  8 shadow dragons
  Kirke (D:14)
  9 sphinxes
  5 storm dragons
  10 fire giants
  3 orc warlords
  7 tengu reavers
  9 frost giants
  19 vault wardens
  3 emperor scorpions
  An iron dragon (Depths:2)
  A draconian scorcher (Zot:1)
  7 deep elf sorcerers
  3 deep elf elementalists (Elf:3)
  A cacodemon (Depths:2)
  3 ghost moths (Spider:4)
  3 draconian stormcallers
  A curse skull (Vaults:2)
  6 war gargoyles
  5 spriggan defenders
  2 broodmothers (Spider:2)
  24 ironbound preservers
  A draconian annihilator (Zot:1)
  19 stone giants
  17 very ugly things
  A reaper (Depths:3)
  5 green draconians
  12 ironbound thunderhulks
  3 black draconians (Depths:4)
  3 vampire knights
  An eleionoma (shapeshifter) (Depths:4)
  10 deep elf demonologists
  6 deep elf annihilators
  5 entropy weavers
  2 yellow draconians
  A red draconian (Zot:1)
  13 dire elephants
  12 spark wasps
  3 purple draconians
  4 white draconians
  7 deep elf death magi
  12 ettins
  A green death (Depths:4)
  14 yaktaur captains
  10 merfolk impalers
  7 fire dragons
  A spriggan zombie (Depths:2)
  5 deep elf high priests
  6 great orbs of eyes
  5 ice dragons
  2 rakshasas (Depths:2)
  3 ogre magi
  6 boulder beetles
  4 radroaches
  4 peacekeepers
  31 vault guards
  2 death knights
  9 spriggan air magi
  5 hydras
  3 alligator snapping turtles
  A two-headed ogre (shapeshifter) (Vaults:5)
  2 merfolk aquamancers (Shoals:4)
  A hell beast (Depths:3)
  12 two-headed ogres
  4 catoblepae
  17 centaur warriors
  A jorogumo (Spider:2)
  10 ironbound frosthearts
  3 merfolk avatars
  3 tengu warriors (Depths:1)
  A satyr (Shoals:2)
  26 dancing weapons
  13 death yaks
  10 deep troll earth magi
  4 orc high priests
  13 spriggan berserkers
  7 deep troll shamans
  2 sun demons
  2 soul eaters (Depths:3)
  28 hell knights
  8 spriggans
  18 deep elf knights
  4 sun moths
  4 iron trolls
  7 pharaoh ants
  A sixfirhy (Depths:3)
  72 deep trolls
  7 orb spiders
  4 steelbarb worms
  11 sea snakes
  A flayed ghost (Depths:2)
  A bog body (Lair:2)
  5 glowing orange brains
  A steelbarb worm (shapeshifter) (Vaults:5)
  7 phantasmal warriors
  A lindwurm (shapeshifter) (Depths:1)
  An orange crystal statue (Depths:3)
  15 deep elf archers
  An obsidian statue (Depths:3)
  12 necromancers
  12 harpies
  17 ironbound convokers
  14 wizards
  15 lindwurms
  31 deep elf zephyrmancers
  16 wolf spiders
  27 deep elf pyromancers
  13 orc knights
  9 manticores
  4 fauns
  46 ugly things
  8 orc sorcerers
  16 cyclopes
  2 black mambas
  9 moths of wrath
  3 oklob plants (Lair:5)
  16 merfolk sirens
  Joseph (D:9)
  2 rust devils
  6 elephants (Lair:3)
  6 water nymphs
  A centaur zombie (D:15)
  An eye of devastation (Depths:4)
  An ice statue (Lair:2)
  An orange demon (Depths:4)
  A smoke demon (Depths:4)
  5 gargoyles
  15 vault sentinels
  3 torpor snails
  8 cane toads
  A centaur skeleton (D:15)
  4 rime drakes
  7 demonic crawlers
  2 hellions (Depths:3)
  A yaktaur (shapeshifter) (D:13)
  37 yaktaurs
  2 efreet
  5 freezing wraiths
  15 komodo dragons
  2 unseen horrors (D:11)
  A hellwing (Depths:3)
  3 ice devils
  3 tengu conjurers
  3 red devils
  A harpy zombie (D:15)
  23 merfolk
  A queen bee (D:12)
  7 polar bears
  14 trolls
  8 hornets
  7 meliai
  14 slime creatures
  40 tarantellas
  7 wind drakes
  7 dream sheep
  16 blink frogs
  A fire giant simulacrum (Depths:2)
  An ettin zombie (Depths:2)
  Sigmund (D:2)
  15 snapping turtles
  3 air elementals (Elf:1)
  27 jumping spiders
  3 shadows
  A spriggan skeleton (Depths:2)
  A vampire (Bailey)
  2 ynoxinuls (Depths:3)
  6 wraiths
  16 culicivoras
  An elf zombie (Vaults:3)
  6 hogs (D:14)
  An elf skeleton (Vaults:3)
  10 water elementals
  27 yaks
  A fire elemental (Elf:1)
  Eustachio (D:4)
  46 redbacks
  4 basilisks
  2 wyverns (Lair:4)
  10 humans (D:14)
  5 vampire mosquitoes
  3 chaos spawn
  A steam dragon (D:8)
  13 wargs
  Menkaure (D:6)
  14 water moccasins
  2 floating eyes (Depths:4)
  7 ogres
  4 sky beasts
  3 manticore zombies (Shoals:4)
  29 orc warriors
  A black bear (D:6)
  A floating eye zombie (Depths:2)
  4 ice beasts
  14 wolves (Lair:2)
  An ettin simulacrum (Vaults:3)
  12 boggarts
  4 centaurs (D:15)
  6 kobold brigands
  12 bullfrogs
  A necrophage (D:7)
  2 scorpions
  A two-headed ogre simulacrum (Lair:2)
  5 earth elementals (Elf:2)
  10 wights
  17 killer bees
  3 electric eels (D:14)
  2 howler monkeys
  7 vampire bats (Bailey)
  8 wolf zombies (Bailey)
  9 hounds
  20 orc priests
  2 jellies
  A gnoll bouda (D:6)
  4 iguanas
  35 orc wizards
  A spriggan simulacrum (Lair:2)
  9 gnolls
  8 adders
  4 river rats (Sewer)
  2 white imps
  2 dart slugs (D:2)
  79 orcs
  7 bats
  2 bat zombies (Shoals:4)
  5 endoplasms
  6 giant cockroaches
  7 goblins
  10 hobgoblins
  5 jackals
  5 quokkas
  5 ball pythons
  6 frilled lizards
  24 kobolds
  24 orc zombies (Bailey)
  16 rats
  2 plants
1985 creatures vanquished.

Vanquished Creatures (collateral kills)
  A titan (Vaults:4)
  Aizul (Shoals:3)
  2 deep elf annihilators (Elf:3)
  A yellow draconian (Zot:2)
  A deep elf high priest (Elf:3)
  A spriggan berserker (Depths:4)
  A deep elf archer (Elf:3)
  A deep elf zephyrmancer (Elf:3)
  A deep elf pyromancer (Elf:3)
  A merfolk siren (Shoals:3)
11 creatures vanquished.

Vanquished Creatures (others)
  Nikola (Depths:2)
  A fire giant (Depths:2)
  A deep troll earth mage (Depths:3)
  A deep elf pyromancer (Elf:3)
  2 deep elf zephyrmancers (Elf:1)
  An orc sorcerer (Elf:3)
  A merfolk siren (Shoals:4)
  2 humans (D:14)
  A neqoxec (Depths:3)
  An orc wizard (Orc:1)
  An orc (Orc:2)
  24 fungi
  142 plants
179 creatures vanquished.

Grand Total: 2175 creatures vanquished

Notes
Turn   | Place    | Note
-------+----------+-------------------------------------------
     0 | D:1      | ssalbiz the Minotaur Berserker began the quest for the Orb.
     0 | D:1      | Reached XP level 1. HP: 19/19 MP: 0/0
   371 | D:1      | Reached XP level 2. HP: 25/26 MP: 1/1
  1098 | D:2      | Reached skill level 5 in Axes
  1111 | D:2      | Reached ** piety under Trog
  1200 | D:2      | Noticed Sigmund
  1213 | D:2      | Reached XP level 3. HP: 31/31 MP: 2/2
  1213 | D:2      | Killed Sigmund
  1214 | D:2      | Reached XP level 4. HP: 39/39 MP: 3/3
  1214 | D:2      | Reached XP level 5. HP: 45/45 MP: 4/4
  1703 | D:3      | Found a faded altar of an unknown god.
  1891 | D:3      | Found a glowing drain.
  1903 | Sewer    | Entered a sewer
  2151 | Sewer    | Reached XP level 6. HP: 45/51 MP: 5/5
  2970 | D:3      | Reached XP level 7. HP: 57/57 MP: 6/6
  3293 | D:3      | Reached skill level 10 in Axes
  3781 | D:3      | Found an ornate altar of the Wu Jian Council.
  4324 | D:4      | Noticed Eustachio
  4356 | D:4      | Killed Eustachio
  4760 | D:4      | Reached XP level 8. HP: 63/64 MP: 7/7
  4901 | D:4      | Found Kutawk's Magic Scroll Shop.
  5004 | D:5      | Entered Level 5 of the Dungeon
  5504 | D:5      | Identified the +9 long sword of Ethereal Offence {drain,
                  | rC+ rN+++ Str-4 Stlth+}
  5695 | D:5      | Identified the +6 falchion "Ytzo" {spect, rC+ Dex+4}
  5835 | D:5      | Identified the ring of Law {rN+ SInv}
  6061 | D:6      | Found an iron altar of Okawaru.
  6069 | D:6      | Reached *** piety under Trog
  6517 | D:6      | Reached XP level 9. HP: 71/71 MP: 8/8
  6528 | D:6      | Found Gozag's Platinum Reserve.
  6529 | D:6      | Found an opulent altar of Gozag.
  6648 | D:6      | Noticed a troll
  6715 | D:6      | Killed a troll
  7128 | D:7      | Noticed Menkaure
  7358 | D:6      | Killed Menkaure
  7369 | D:7      | Reached skill level 5 in Fighting
  7408 | D:7      | Found a broken altar of Ashenzari.
  7445 | D:7      | Found a sparkling altar of Nemelex Xobeh.
  7447 | D:7      | Found a stormy altar of Qazlal.
  7460 | D:7      | Found a shimmering altar of Xom.
  7461 | D:7      | Found a bloodstained altar of Trog.
  7920 | D:7      | Reached skill level 15 in Axes
  8158 | D:7      | Found a staircase to the Ecumenical Temple.
  8349 | Temple   | Entered the Ecumenical Temple
  8349 | Temple   | Found a transporter.
  8349 | Temple   | Found a transporter.
  8351 | Temple   | Found a transporter.
  8351 | Temple   | Found a transporter.
  8489 | D:8      | Identified the +0 robe "Ynlam" {rN++ Str+2 SInv}
  8520 | D:8      | Found a flagged portal.
  8533 | Bailey   | Entered a bailey
  9018 | Bailey   | Reached **** piety under Trog
  9161 | Bailey   | Reached XP level 10. HP: 75/81 MP: 9/9
  9855 | Bailey   | Noticed a gargoyle
  9859 | Bailey   | Killed a gargoyle
  9860 | Bailey   | Reached skill level 5 in Armour
  9979 | Bailey   | Identified the +2 scale mail "Jihulucw" {Regen+ Str+3}
 10047 | D:8      | Found a staircase to the Lair.
 10058 | D:8      | Reached skill level 5 in Dodging
 10586 | D:8      | Identified the +1 trident of Flawed Execution {vorpal,
                  | Dex+2}
 11157 | D:9      | Noticed Joseph
 11169 | D:9      | Killed Joseph
 11193 | D:9      | Noticed a two-headed ogre
 11233 | D:9      | Killed a two-headed ogre
 11453 | D:10     | Entered Level 10 of the Dungeon
 11463 | D:10     | Reached ***** piety under Trog
 11656 | D:10     | Reached XP level 11. HP: 91/91 MP: 10/10
 12113 | D:10     | Found a blossoming altar of Fedhas.
 12334 | D:11     | Found a staircase to the Orcish Mines.
 12773 | D:12     | Reached skill level 5 in Shields
 12804 | D:12     | Noticed a six-headed hydra
 12819 | D:12     | Killed a six-headed hydra
 12937 | D:12     | Noticed a green ugly thing
 12938 | D:12     | Noticed a purple ugly thing
 12943 | D:12     | Killed a green ugly thing
 12950 | D:12     | Killed a green ugly thing
 13106 | Lair:1   | Entered Level 1 of the Lair of Beasts
 13106 | Lair:1   | Noticed a four-headed hydra
 13113 | Lair:1   | Killed a four-headed hydra
 13340 | Lair:1   | Reached XP level 12. HP: 96/103 MP: 11/11
 13360 | Lair:1   | Identified the +6 short sword of the Original Sin {vorpal,
                  | Str+4 Dex+3} (Trog gifted it to you on level 1 of the Lair
                  | of Beasts)
 13360 | Lair:1   | Received a gift from Trog
 14225 | Lair:2   | Noticed a death yak
 14230 | Lair:2   | Noticed a death yak
 14234 | Lair:2   | Killed a death yak
 14239 | Lair:2   | Killed a death yak
 14355 | Lair:2   | Reached skill level 10 in Fighting
 14776 | Lair:2   | Found a staircase to the Shoals.
 14786 | Lair:2   | Reached skill level 10 in Armour
 15198 | Lair:3   | Found a hole to the Spider Nest.
 15311 | Lair:3   | Reached XP level 13. HP: 114/114 MP: 12/12
 15581 | Lair:3   | Reached skill level 10 in Shields
 15927 | Lair:4   | Reached skill level 10 in Dodging
 16214 | Lair:4   | Found a runed translucent door.
 16214 | Lair:4   | Found a shimmering altar of Xom.
 16214 | Lair:4   | Noticed Rangus's ghost (adept GnWn)
 16603 | Lair:5   | Entered Level 5 of the Lair of Beasts
 16853 | Lair:5   | Found a staircase to the Slime Pits.
 17775 | Lair:5   | Reached XP level 14. HP: 127/127 MP: 13/13
 18174 | Orc:1    | Entered Level 1 of the Orcish Mines
 18256 | Orc:1    | Noticed an orc warlord
 18270 | Orc:1    | Killed an orc warlord
 18463 | Orc:1    | Received a gift from Trog
 19155 | Orc:2    | Entered Level 2 of the Orcish Mines
 19155 | Orc:2    | Noticed an orc warlord
 19206 | Orc:2    | Found a staircase to the Elven Halls.
 19253 | Orc:2    | Found Bare's Jewellery Shoppe.
 19561 | Orc:2    | Killed an orc warlord
 19628 | Orc:2    | Paralysed by an orc sorcerer for 5 turns
 19843 | Orc:2    | Received a gift from Trog
 20352 | Orc:2    | Paralysed by an orc sorcerer for 3 turns
 20619 | Orc:2    | Found Fimexon's Weapon Shop.
 20619 | Orc:2    | Found Dyob's General Store.
 20678 | Orc:2    | Found Xemimmiv's Antique Armour Emporium.
 20678 | Orc:2    | Found Teidghibo's Magic Scroll Shop.
 20684 | Orc:2    | Bought a scroll of identify for 32 gold pieces
 20688 | Orc:2    | Bought a scroll of blinking for 112 gold pieces
 20688 | Orc:2    | Bought a scroll of identify for 30 gold pieces
 20688 | Orc:2    | Bought a scroll of fear for 60 gold pieces
 20688 | Orc:2    | Bought a scroll of torment for 142 gold pieces
 20688 | Orc:2    | Bought 3 scrolls of identify for 90 gold pieces
 21728 | D:12     | Reached XP level 15. HP: 91/138 MP: 10/14
 21838 | D:12     | Reached ****** piety under Trog
 21917 | D:12     | Received a gift from Trog
 22046 | D:12     | Noticed an orc warlord
 22054 | D:12     | Killed an orc warlord
 22825 | D:13     | Found an ancient bone altar of Kikubaaqudgha.
 23877 | D:14     | Noticed Kirke
 23892 | D:14     | Killed Kirke
 23893 | D:14     | Reached skill level 1 in Evocations
 24522 | D:14     | Found a hide-covered altar of Uskayaw.
 24642 | D:14     | Received a gift from Trog
 24665 | D:14     | Found a gate to the Vaults.
 25093 | D:15     | Entered Level 15 of the Dungeon
 25223 | D:15     | Reached skill level 15 in Fighting
 26062 | D:15     | Found a transporter.
 26417 | D:15     | Reached skill level 15 in Armour
 26452 | D:15     | Found a staircase to the Depths.
 26893 | Orc:2    | Bought a ring of willpower for 375 gold pieces
 27096 | Shoals:1 | Entered Level 1 of the Shoals
 27682 | Shoals:1 | Reached XP level 16. HP: 113/149 MP: 12/15
 27693 | Shoals:1 | Received a gift from Trog
 28421 | Shoals:1 | Reached skill level 15 in Shields
 28666 | Shoals:2 | Noticed Mlioglotl
 28687 | Shoals:2 | Killed Mlioglotl
 30582 | Shoals:3 | Received a gift from Trog
 30833 | Shoals:3 | Found Kuliwoz's Distillery.
 30854 | Shoals:3 | Bought a potion of experience for 1000 gold pieces
 30854 | Shoals:3 | Reached skill level 15 in Dodging
 30854 | Shoals:3 | Reached XP level 17. HP: 160/160 MP: 16/16
 30889 | Shoals:3 | Noticed Aizul
 30913 | Shoals:3 | Killed Aizul
 32029 | Shoals:4 | Entered Level 4 of the Shoals
 32073 | Shoals:4 | Reached skill level 1 in Throwing
 32588 | Shoals:4 | Identified the +8 long sword "Ultimatum" {vorpal, Str+4}
 34871 | Shoals:4 | Got a barnacled rune of Zot
 35101 | Spider:1 | Entered Level 1 of the Spider Nest
 36043 | Spider:1 | Identified a scroll of acquirement
 36079 | Spider:1 | Reached XP level 18. HP: 138/170 MP: 15/17
 36086 | Spider:1 | Acquired a ring of protection from cold
 36626 | Spider:1 | Received a gift from Trog
 38658 | Spider:2 | Received a gift from Trog
 38824 | Spider:2 | Noticed Jorgrun
 38847 | Spider:2 | Killed Jorgrun
 39494 | Spider:2 | Reached skill level 5 in Evocations
 39712 | Spider:3 | HP: 10/258 [poisoned by a wolf spider]
 39713 | Spider:3 | HP: 4/172 [poisoned by a wolf spider]
 40788 | Spider:4 | Entered Level 4 of the Spider Nest
 40824 | Spider:4 | Received a gift from Trog
 42771 | Spider:4 | Got a gossamer rune of Zot
 42974 | Spider:4 | Reached skill level 5 in Throwing
 43601 | Vaults:1 | Entered Level 1 of the Vaults
 43936 | D:14     | Acquired the amulet "Onlawy Keat" {Faith Contam rElec
                  | Will+}
 44387 | Vaults:1 | Reached XP level 19. HP: 181/181 MP: 18/18
 44904 | Vaults:1 | You fall into a shaft and drop 1 floor!
 44916 | Vaults:2 | Received a gift from Trog
 45787 | Vaults:1 | Received a gift from Trog
 47308 | Vaults:2 | Found a staircase to the Crypt.
 48536 | Vaults:2 | Received a gift from Trog
 48864 | Vaults:2 | Noticed Saint Roka
 48879 | Vaults:2 | Killed Saint Roka
 49278 | Vaults:2 | Reached XP level 20. HP: 166/193 MP: 19/19
 49518 | Vaults:2 | Received a gift from Trog
 51413 | Vaults:3 | Received a gift from Trog
 51546 | Vaults:3 | Identified the +0 ring mail "Zimpenna" {rF- Int+4}
 51706 | Vaults:3 | Found Detesto's Distillery.
 52074 | Vaults:3 | Noticed an ancient lich
 52091 | Vaults:3 | Killed an ancient lich
 53371 | Vaults:4 | Received a gift from Trog
 53844 | Vaults:4 | Identified the +4 robe "Hadirac" {Dex+4}
 54759 | Vaults:4 | Received a gift from Trog
 55015 | Vaults:4 | Reached XP level 21. HP: 173/204 MP: 20/20
 55118 | Vaults:4 | Found Harit's General Store.
 56092 | Elf:1    | Entered Level 1 of the Elven Halls
 56144 | Elf:1    | Received a gift from Trog
 57085 | Elf:1    | Paralysed by an air elemental for 1 turns
 57200 | Elf:1    | Received a gift from Trog
 57217 | Elf:1    | Acquired the ring "Faulumm" {Fly EV+4 Str+4}
 57754 | Elf:2    | Found a runed translucent gate.
 57755 | Elf:2    | Found a runed translucent gate.
 57755 | Elf:2    | Found a runed translucent gate.
 57818 | Elf:2    | Found Deoxzot's CLEARANCE SALE!.
 57826 | Elf:2    | Received a gift from Trog
 59448 | Elf:3    | Entered Level 3 of the Elven Halls
 59884 | Elf:3    | Received a gift from Trog
 60664 | Elf:3    | Identified the +1 leather armour of the Quahog {Will+
                  | Str+3}
 61125 | Elf:3    | Received a gift from Trog
 61317 | Elf:3    | Identified the +9 spear of the Reaper {drain, Contam +Blink
                  | rElec Str+2}
 61321 | Elf:3    | Identified the +10 halberd of Bauto {holy, Fragile Int+6}
 61351 | Elf:3    | Identified the +6 scale mail of Fixiwuu {rPois}
 61353 | Elf:3    | Identified the +0 leather armour "Futifyudue" {Int+4}
 61359 | Elf:3    | Reached XP level 22. HP: 125/215 MP: 21/21
 61412 | Elf:3    | HP: 4/215 [deep elf annihilator/poison arrow (39)]
 61707 | Elf:3    | Identified the +1 sling "Newtslayer" {flame, Drain Str+4}
 62143 | Depths:1 | Entered Level 1 of the Depths
 62294 | Depths:1 | Received a gift from Trog
 62867 | Depths:1 | Found Lipsu's One-of-a-Kind Books.
 63071 | Depths:1 | Found a shimmering altar of Xom.
 63278 | Depths:1 | Found a gateway to Hell.
 63827 | Depths:1 | Found a portal to a secret trove of treasure.
 63831 | Depths:1 | Received a gift from Trog
 64759 | Depths:2 | Found a one-way gate leading to the halls of Pandemonium.
 65279 | Depths:2 | Noticed Nikola
 65290 | Depths:2 | Killed Nikola
 66942 | Depths:2 | Received a gift from Trog
 67061 | Depths:2 | Reached skill level 10 in Evocations
 67412 | Depths:2 | Reached XP level 23. HP: 226/226 MP: 22/22
 67494 | Depths:2 | Noticed a caustic shrike
 67503 | Depths:2 | Killed a caustic shrike
 67951 | Orc:2    | Bought 2 scrolls of teleportation for 90 gold pieces
 68228 | Depths:1 | You paid a toll of 12 scrolls of teleportation to enter a
                  | treasure trove
 68229 | Trove    | Entered a treasure trove
 68236 | Trove    | Identified the +0 pair of gloves "Bymees" {rN+ Str+4
                  | Stlth+}
 68241 | Trove    | Identified the ring "Xeysud" {rPois rF+ Dex+3}
 68247 | Trove    | Identified the +1 tower shield of an ossuary {rF+}
 68248 | Trove    | Identified the amulet of Biqeatt {Reflect rC+ rN++ Regen+
                  | Str-2 SH+5}
 68252 | Trove    | Identified the +0 short sword "Riul" {vorpal, rPois rF+
                  | Stlth+}
 68256 | Trove    | Identified the +9 hand axe of the End of Times {elec,
                  | Int+2}
 68259 | Trove    | Identified the +4 ring mail of the Sun {-Cast Fly rC-
                  | rN+++}
 68872 | Depths:2 | Received a gift from Trog
 68908 | Depths:3 | Found Oseon's Weapon Shoppe.
 68908 | Depths:3 | Found Ummoikha's Book Emporium.
 68940 | Depths:3 | Noticed Margery
 69192 | Depths:2 | Killed Margery
 69266 | Depths:2 | Reached XP level 24. HP: 226/235 MP: 22/22
 69993 | Depths:3 | Found a runed translucent door.
 69999 | Depths:3 | Found a runed translucent door.
 70581 | Depths:3 | Found Voetz's Armour Emporium.
 70907 | Depths:3 | Found a one-way gate to the infinite horrors of the Abyss.
 70982 | Depths:3 | Identified the +1 chain mail of Laefruck {rF+ rN+}
 71272 | Depths:3 | Identified the +1 leather armour "Bowusofebb" {rElec Int+2}
 71362 | Depths:3 | Noticed Parghit
 71434 | Depths:4 | Entered Level 4 of the Depths
 71671 | Depths:4 | Received a gift from Trog
 72299 | Depths:4 | Found a gate to the Realm of Zot.
 72852 | Depths:4 | Received a gift from Trog
 73057 | Depths:4 | Found a one-way gateway to a ziggurat.
 73185 | Depths:4 | Paralysed by a floating eye for 4 turns
 73193 | Depths:4 | Paralysed by a floating eye for 2 turns
 73271 | Depths:4 | Paralysed by a floating eye for 3 turns
 73347 | Depths:4 | Paralysed by a floating eye for 4 turns
 73353 | Depths:4 | Paralysed by a floating eye for 2 turns
 73357 | Depths:4 | Paralysed by a floating eye for 2 turns
 73363 | Depths:4 | Paralysed by a floating eye for 4 turns
 73630 | Depths:4 | Found a sparkling altar of Nemelex Xobeh.
 73691 | Depths:4 | Paralysed by a floating eye for 2 turns
 73704 | Depths:4 | Paralysed by a floating eye for 4 turns
 73712 | Depths:4 | Paralysed by a floating eye for 4 turns
 73878 | Depths:4 | Found a bloodstained altar of Trog.
 74349 | Vaults:5 | Entered Level 5 of the Vaults
 74605 | Vaults:4 | Received a gift from Trog
 75008 | Vaults:5 | Noticed a dread lich
 75377 | Vaults:4 | Killed a dread lich
 75910 | Vaults:4 | Reached XP level 25. HP: 221/245 MP: 7/22
 76966 | Vaults:5 | Received a gift from Trog
 77275 | Vaults:5 | Noticed an ancient lich
 77411 | Vaults:5 | Killed an ancient lich
 77755 | Vaults:5 | Found Kyqieg Qiuf's Distillery.
 77760 | Vaults:5 | Bought a potion of curing for 48 gold pieces
 77760 | Vaults:5 | Bought a potion of curing for 48 gold pieces
 77760 | Vaults:5 | Bought a potion of haste for 160 gold pieces
 77760 | Vaults:5 | Bought a potion of might for 64 gold pieces
 77765 | Vaults:5 | Found Afro's Distillery.
 77770 | Vaults:5 | Bought a potion of haste for 110 gold pieces
 77770 | Vaults:5 | Bought a potion of haste for 110 gold pieces
 77799 | Vaults:5 | Noticed an ancient lich
 77805 | Vaults:5 | Killed an ancient lich
 77805 | Vaults:5 | Received a gift from Trog
 78394 | Vaults:5 | Got a silver rune of Zot
 78622 | Vaults:5 | Found Hiocsey's Armour Shop.
 78628 | Vaults:5 | Bought the +0 mask of the Dragon {Will+ Slay+3 SInv} for
                  | 434 gold pieces
 78628 | Vaults:5 | Found the +0 mask of the Dragon {Will+ Slay+3 SInv}
 78967 | Vaults:5 | Found Salit's Magic Scroll Shoppe.
 78973 | Vaults:5 | Received a gift from Trog
 79075 | Vaults:5 | Bought a scroll of enchant armour for 157 gold pieces
 79075 | Vaults:5 | Bought 3 scrolls of fog for 252 gold pieces
 79075 | Vaults:5 | Bought a scroll of enchant weapon for 157 gold pieces
 79075 | Vaults:5 | Bought 2 scrolls of enchant armour for 315 gold pieces
 79075 | Vaults:5 | Bought a scroll of teleportation for 63 gold pieces
 79075 | Vaults:5 | Bought a scroll of magic mapping for 157 gold pieces
 79095 | Vaults:5 | Identified the +4 lajatang of the Key {drain, Contam rPois
                  | rCorr Int+7}
 79685 | Zot:1    | Entered Level 1 of the Realm of Zot
 80603 | Zot:2    | HP: 2/249 [storm dragon (16)]
 80604 | Zot:2    | Mangled by a storm dragon

Illustrated notes

Levels and vault maps discovered:
D:1:      ncdulo_watergridlock, layout_loops_ring, nicolae_titane
D:2:      layout_rooms, minmay_misc_feat_tower, uniq_sigmund
D:3:      layout_basic, pdpol_wu_jian_five_deadly_venoms,
          cheibrodos_sewer_entry_drain, chequers_ecumenical_altar_simple_redux,
          minmay_surrounded
D:4:      layout_rooms, serial_shops, nicolae_take_the_stairs, uniq_eustachio
D:5:      layout_loops_ring
D:6:      layout_loops_ring, old_standard_altar, nicolae_gozag_zags_fifth_avenue
D:7:      layout_rooms, grunt_temple_overflow_open, lemuel_temple_firewalk_b,
          uniq_menkaure
D:8:      layout_basic, erik_lair_dragon, enter_bailey_7, skrybe_limestone_x
D:9:      layout_rooms, uniq_joseph
D:10:     layout_irregular_city, fedhas_altar_4
D:11:     layout_gridville, minmay_orc_entry_guard_dogs
D:12:     minmay_the_grid_3x2 [minmay_the_grid_minigrid_medium,
          minmay_the_grid_medium_cups, minmay_the_grid_mess,
          minmay_the_grid_armoury, minmay_the_grid_odd_star,
          minmay_the_grid_prize_four_corners], layout_basic, minivault_7
D:13:     layout_irregular_city, kiku_gazebo_garden_becter
D:14:     layout_basic, ximxim_vaults_locker_room, grunt_decor_resistance,
          chequers_big_river, nicolae_uskayaw_dance_hall, uniq_kirke
D:15:     grunt_enter_depths_magical_seal, layout_gridville, minmay_misc_feat_x,
          nicolae_diode_basic
Temple:   hellmonk_temple_divided_pantheon
Lair:1:   layout_loops_ring, chequers_serial_rivers_large_b,
          cheibrodos_lair_lostbears, infiniplex_staircase_pool_2
Lair:2:   dreamdust_isle_of_ice, layout_chaotic_city, elwin_shoals_entry_stream,
          serial_forest, infiniplex_forest_lined_3,
          infiniplex_forest_clump_curved, infiniplex_forest_clump_cross,
          infiniplex_forest_fountain, infiniplex_forest_clump_small,
          infiniplex_forest_clump_cross, infiniplex_forest_clump_double,
          infiniplex_forest_clump_long
Lair:3:   layout_hall_layers, dummy_spider_entry
Lair:4:   layout_long_grid, ebering_ghost_xom
Lair:5:   evilmike_catoblepas_cave, layout_regular_city,
          minmay_slime_entry_oklob_open, pond
Shoals:1: layout_shoals
Shoals:2: layout_shoals, hangedman_shoals_cup_caves, uniq_mlioglotl
Shoals:3: layout_shoals, nicolae_stop_n_shop_1, uniq_aizul
Shoals:4: shoals_end_simple, layout_shoals, nicolae_shoals_undead_eyrie
Spider:1: layout_spider_delve, nicolae_spider_twisty_arc_passages
Spider:2: nicolae_spider_hilbert_zone_1 [nicolae_spider_hilbert_4_sides_1_open,
          nicolae_spider_hilbert_4_sides_1_open,
          nicolae_spider_hilbert_4_sides_1_open,
          nicolae_spider_hilbert_4_sides_1_open,
          nicolae_spider_hilbert_3_sides_1_open,
          nicolae_spider_hilbert_3_sides_1_open,
          nicolae_spider_hilbert_3_sides_1_open,
          nicolae_spider_hilbert_3_sides_1_open,
          nicolae_spider_hilbert_3_sides_1_open,
          nicolae_spider_hilbert_6_sides_1_open,
          nicolae_spider_hilbert_6_sides_1_open,
          nicolae_spider_hilbert_3_sides_1_open,
          nicolae_spider_hilbert_3_sides_1_open,
          nicolae_spider_hilbert_3_sides_1_open,
          nicolae_spider_hilbert_3_sides_1_open,
          nicolae_spider_hilbert_2_sides_1_open], uniq_jorgrun
Spider:3: lemuel_spider_zombies
Spider:4: grunt_spider_rune_parallel, drop_trap
Orc:1:    layout_diamond_mine, guppyfry_orc_lava_fort
Orc:2:    grunt_orc_tribal_feast, layout_diamond_mine, serial_shops,
          nicolae_shop_crystal, basic_altar
Elf:1:    kennysheep_six_static_rooms, layout_geoelf_octagon,
          minmay_elf_demonology, drop_trap
Elf:2:    nicolae_elf_blades_crystal_corner, layout_rooms,
          nicolae_shop_clearance, lemuel_elevator
Elf:3:    elf_hall, layout_rooms, roderic_lattice_octagonal_star
Vaults:1: grunt_vaults_trifunnel, grunt_vaults_funnel, v_alt_pattern_2,
          v_misc_2, nicolae_vaults_little_squares_3, vaults_mumra_hex,
          nicolae_vaults_little_squares_4, grunt_vaults_hallway_long,
          nicolae_vaults_octagons, nicolae_vaults_little_squares_6,
          vaults_room_pool, grunt_vaults_focal, v_misc_12,
          vaults_dpeg_encased_lava, vaults_dpeg_emergency_exit,
          layout_vaults_big_cross
Vaults:2: dpeg_vaults_monster_row, nicolae_vaults_big_ls, ontoclasm_vaults_spin,
          vaults_dpeg_spiral, hangedman_vaults_corner, layout_vaults_quadrants,
          minmay_crypt_entry_simple_corners, uniq_saint_roka
Vaults:3: v_misc_8, nicolae_vaults_network_s, ontoclasm_vaults_pinch,
          ontoclasm_vaults_shuriken, grunt_vaults_bifocal, v_alt_pattern_3,
          v_misc_32, hangedman_vaults_variations, v_alt_pattern_2,
          nicolae_vaults_network_quinsquares
          [nicolae_vaults_network_quincunx_subvault,
          nicolae_vaults_network_quincunx_subvault,
          nicolae_vaults_network_quincunx_subvault,
          nicolae_vaults_network_quincunx_subvault], vaults_room_stairs_pillars,
          v_misc_2, nicolae_vaults_fighting_squares, layout_vaults_omnibox,
          serial_shops, shop_statue
Vaults:4: v_rooms_6, grunt_vaults_swirl, v_misc_24, nicolae_vaults_theta,
          nicolae_vaults_network_star, vaults_mumra_chevron_long,
          vaults_mumra_lcd, v_rooms_2, grunt_vaults_hallway_short,
          nicolae_vaults_border_crossing, ontoclasm_vaults_twist,
          hangedman_vaults_hat, layout_vaults_maze_snakey, serial_shops, shop
Vaults:5: serial_shops
Depths:1: layout_honeycomb, enter_trove_1, hell_entry, nicolae_rare_books,
          tgw_xom, grunt_megastairs_5, kennysheep_random_hallway
Depths:2: kennysheep_snake, layout_gridlike, rand_demon_pan_entry_5,
          hangedman_geh_valley, nicolae_benzene_ring, uniq_nikola
Depths:3: thingy_vault_2, layout_twisted_cross, abyss_entry_crystal,
          grunt_hell_entry_demonic_statue, minivault_16,
          nicolae_inconvenience_store, minmay_shoptagon, uniq_margery,
          uniq_parghit
Depths:4: grunt_zot_entry_tricorne, layout_basic, enter_ziggurat_c,
          nemelex_spade_bored_becter, grunt_hell_entry_dis_mu,
          grunt_pan_entry_in_and_out, evilmike_spriggan_trog_shrine
Zot:1:    layout_onion_interference
Zot:2:    layout_misc_corridors

Skill      XL: |  1  2  3  4  5  6  7  8  9 10 11 12 13 14 15 16 17 18 19 20 21 22 23 24 25 |
---------------+----------------------------------------------------------------------------+-----
Axes           | 4 5 7 8 9 11 14 15 17 18 19 20 21 | 21.9
Fighting       | 5 6 8 10 12 14 15 16 17 18 20 21 22 23 24 25 | 25.1
Armour         | 4 6 8 10 12 13 15 16 17 18 19 20 21 22 23 24 25 | 25.4
Dodging        | 4 5 7 9 11 12 14 15 17 18 19 20 21 22 23 | 23.3
Shields        | 2 7 9 11 13 14 15 16 17 18 19 | 19.2
Evocations     | 2 4 5 7 8 9 10 11 | 11.8
Throwing       | 2 5 |  5.0

Action                   |  1- 3 |  4- 6 |  7- 9 | 10-12 | 13-15 | 16-18 | 19-21 | 22-24 | 25-27 || total
-------------------------+-------+-------+-------+-------+-------+-------+-------+-------+-------++-------
Melee: Hand axe          |    60 |   117 |   227 |       |       |       |       |       |       ||   404
       Headbutt          |     5 |    16 |    57 |    73 |   228 |   307 |   393 |   428 |   165 ||  1672
       Punch             |     2 |       |     7 |     2 |       |       |       |       |       ||    11
       War axe           |       |       |   105 |    50 |       |       |       |       |       ||   155
       Broad axe         |       |       |       |   378 |   994 |  1227 |  1565 |  1308 |   443 ||  5915
       Flail             |       |       |       |     5 |    18 |       |       |       |       ||    23
Throw: Dart              |       |       |       |     5 |     2 |   116 |     3 |     1 |     1 ||   128
       Javelin           |       |       |       |     2 |       |       |       |       |       ||     2
Invok: Berserk           |     1 |     1 |     5 |     6 |     9 |     9 |     9 |     4 |       ||    44
       Trog's Hand       |     1 |       |     2 |     3 |     7 |     3 |     6 |     6 |     2 ||    30
       Brothers in Arms  |       |       |       |       |       |     1 |       |     2 |     1 ||     4
Evoke: Wand              |       |       |       |     4 |       |    10 |     1 |     1 |       ||    16
       Lightning rod     |       |       |       |       |       |     1 |       |       |       ||     1
  Use: Scroll            |       |       |       |    12 |    13 |     5 |     7 |     2 |    11 ||    50
       Potion            |       |       |       |       |       |     4 |     1 |     8 |     1 ||    14
 Stab: Sleeping          |     1 |       |     1 |       |       |       |       |       |       ||     2
       Distracted        |       |       |     1 |       |       |       |       |       |       ||     1
       Petrified         |       |       |       |       |     4 |       |       |       |       ||     4
       Petrifying        |       |       |       |       |     1 |       |       |       |       ||     1
Armor: Animal skin       |    16 |    19 |    52 |    14 |       |       |       |       |       ||   101
       Scale mail        |       |       |       |   124 |   135 |       |       |       |       ||   259
       Plate armour      |       |       |       |       |   400 |   628 |   693 |   499 |       ||  2220
       Gold dragon scale |       |       |       |       |       |       |       |       |   242 ||   242
Dodge: Dodged            |    49 |    65 |   164 |   183 |   377 |   535 |   548 |   585 |   257 ||  2763
Block: Kite shield       |       |       |       |   117 |   567 |   762 |   833 |   838 |   344 ||  3461
